 Dungeon Crawl Stone Soup version 0.21.1-1-g345015fe64 (webtiles) character file.

112 Kohma the Poker (level 4, -2/35 HPs)
             Began as a Merfolk Gladiator on June 22, 2018.
             Was an Initiate of Okawaru.
             Slain by a worker ant (4 damage)
             ... on level 3 of the Dungeon.
             The game lasted 00:11:18 (2774 turns).

Kohma the Poker (Merfolk Gladiator)                 Turns: 2774, Time: 00:11:19

Health: -2/35      AC:  6    Str: 14    XL:     4   Next: 95%
Magic:  4/4        EV: 13    Int:  7    God:    Okawaru [......]
Gold:   106        SH:  0    Dex: 16    Spells: 3/3 levels left

rFire    . . .     SeeInvis .   a - +0 trident
rCold    . . .     Gourm    .   (no shield)
rNeg     . . .     Faith    .   l - +0 ring mail
rPois    .         Spirit   .   c - +0 helmet
rElec    .         Reflect  .   (no cloak)
rCorr    .         Harm     .   (no gloves)
MR       .....                  (no boots)
Stlth    +.........             (no amulet)
HPRegen  0.11/turn              (no ring)
MPRegen  0.09/turn              (no ring)

@: lethally poisoned (-2 -> -10)
A: change form in water, swift swim, stealthy swim
a: Renounce Religion


You were on level 3 of the Dungeon.
You worshipped Okawaru.
Okawaru was noncommittal.
You were not hungry.

You visited 2 branches of the dungeon, and saw 5 of its levels.

You collected 106 gold pieces.

Inventory:

Hand Weapons
 a - a +0 trident (weapon)
Missiles
 d - 2 throwing nets (quivered)
 h - 12 javelins
 u - 6 tomahawks
Armour
 b - a +0 leather armour
 c - a +0 helmet (worn)
 l - a +0 ring mail (worn)
 s - a +0 scale mail
 z - a +0 buckler
Jewellery
 v - an uncursed ring of magical power {unknown}
Scrolls
 g - 3 scrolls of remove curse {unknown}
 i - 3 scrolls of teleportation {unknown}
 k - a scroll of immolation {unknown}
 m - 2 scrolls of random uselessness {unknown}
 t - 2 scrolls of enchant weapon {unknown}
 y - a scroll of identify {unknown}
Potions
 e - a potion of degeneration {unknown}
 j - 2 potions of curing {unknown}
 n - 2 potions of flight {unknown}
 o - 3 potions of heal wounds {unknown}
 p - 2 potions of brilliance {unknown}
 q - a potion of invisibility {unknown}
 r - a potion of berserk rage {unknown}
 w - a potion of agility {unknown}
Comestibles
 f - 6 rations


   Skills:
 + Level 3.2 Fighting
 * Level 6.4 Polearms
 - Level 2.0 Throwing
 + Level 4.9 Dodging


You had 3 spell levels left.
You didn't know any spells.

Dungeon Overview and Level Annotations

Branches:
Dungeon (4/15)             Temple (1/1) D:4

Altars:
Hepliaklqana
Okawaru
Ru

Shops:
D:4 [(

Annotations:
D:4 Enjoyment's ghost, amateur HuFi


Message History

You are no longer poisoned.
The worker ant bites you.
You see here a buckler.
z - a buckler The worker ant closely misses you.
The worker ant bites you but does no damage.
All of the chunks of flesh in your inventory have rotted away.
There is a stone staircase leading up, spattered with blood here.
The worker ant bites you.
* * * LOW HITPOINT WARNING * * *
The worker ant bites you.
* * * LOW HITPOINT WARNING * * *
You are lethally poisoned!
The worker ant poisons you!
You climb upwards.
* * * LOW HITPOINT WARNING * * *
You feel sick.
There is a stone staircase leading down here.
You closely miss the worker ant. The worker ant bites you.
You die...

#.#...# #.###.####.#.#####..
#.#.#.# #.# #.....###.####..
#.#...# #.# ######.#........
#.##.## #.# #..######.. #.##.#
##.## #.## #.# ..##.##### #...#
#.# #.# ..##.....####...### #.#
#.# .#######.##.......##
#.#######.# .# #.........@..#
#.........# .# #..##......a.#
#.######### .### #..####...##.#
#.# ...# #..#
#...##.####.#########
##.####..#####...................
#............####.####.....#...)
##.####>#####<####.####.####<#.##
...# #.#####...........# #.#.##
#### #....))......###### #.#.#.


You could see a worker ant.

Vanquished Creatures
  A hound (D:4)
  A hound skeleton (D:4)
  3 adders
  An ooze (D:1)
  2 orcs
  5 giant cockroaches
  3 goblins (D:1)
  3 hobgoblins
  3 jackals (D:2)
  A quokka (D:4)
  2 ball pythons
  5 bats
  4 kobolds
  2 rats (D:3)
36 creatures vanquished.

Notes
Turn   | Place    | Note
-------+----------+-------------------------------------------
     0 | D:1      | Kohma the Merfolk Gladiator began the quest for the Orb.
     0 | D:1      | Reached XP level 1. HP: 16/16 MP: 1/1
   151 | D:1      | Reached XP level 2. HP: 23/23 MP: 2/2
   255 | D:1      | Reached skill level 5 in Polearms
  1009 | D:2      | Reached XP level 3. HP: 23/28 MP: 3/3
  1013 | D:2      | Found an iron altar of Okawaru.
  2089 | D:3      | Reached XP level 4. HP: 34/34 MP: 4/4
  2160 | D:4      | Noticed Enjoyment's ghost (amateur HuFi)
  2457 | D:4      | Reached skill level 6 in Polearms
  2472 | D:4      | Found Oquclosm's Weapon Shop.
  2506 | D:4      | Found a sacrificial altar of Ru.
  2585 | D:4      | Found a staircase to the Ecumenical Temple.
  2591 | Temple   | Entered the Ecumenical Temple
  2628 | Temple   | Became a worshipper of Warmaster Okawaru
  2716 | D:4      | Found Ubuloupo's Antique Armour Emporium.
  2774 | D:3      | Slain by a worker ant

Skill      XL: |  1  2  3  4 |
---------------+-------------+-----
Polearms       | 5 6 |  6.4
Fighting       | 3 |  3.2
Throwing       | |  2.0
Dodging        | |  4.9

Action                   |  1- 3 |  4- 6 || total
-------------------------+-------+-------++-------
Melee: Trident           |   104 |    24 ||   128
Throw: Throwing net      |     1 |       ||     1
 Stab: Held in net/web   |     1 |       ||     1
       Sleeping          |     1 |       ||     1
  Eat: Chunk             |     4 |       ||     4
       Ration            |       |     1 ||     1
Armor: Leather armour    |    12 |       ||    12
       Ring mail         |    23 |    11 ||    34
Dodge: Dodged            |    89 |    23 ||   112
